Unix NetHack Version 5.0.0-0 post-release - last build May 23 2026 06:08:33 (1c0ff79ee797540d5714e4e18072db0edd9e58ae,branch:main).

Game began 2026-05-24 23:05:51, ended 2026-05-25 00:12:58.

ArrBianca, neutral female human Tourist

                                                        --------------
                    --------------                      |............|
                    |............|                      |............|
                    |............|                     #-......>.....|
                    |............|                     )----------.---
                    |..........`.-#######################%#%#####0#
                    --------.-----                     #       ####
                            #                         ##      ##  ####
                           ##                        ##       #      #
                           #                ###################0     #    ----
                           #      #########          #     ---.------#####...|
                          ##          ----.----------#     |.d).....|#1## |..|
                        --|-----      |.............|#     |..@.{...|#  # |..|
                        |......|     #...............#     |........-#     ..|
                        |..<...|     #|.............|      ----------     ----
                        |)......######|.............|
                        --------      ---------------

ArrBianca the Excursionist  St:11 Dx:9 Co:18 In:13 Wi:7 Ch:18  Neutral
Dlvl:9  $:413 HP:0(65) Pw:23(23) AC:1  Xp:7/1169 T:4417  Satiated Burdened

Latest messages:
 The white unicorn misses!
 The white unicorn butts!
 The white unicorn misses!
 You hear a slurping sound.
 In what direction? k
 The dart misses the giant beetle.
 You hit the giant beetle!
 The giant beetle bites!
 You miss the giant beetle.
 You miss the giant beetle.
 You miss the giant beetle.
 The giant beetle bites!
 You miss the giant beetle.
 You kill the giant beetle!
 You see here a giant beetle corpse.
 There is a giant beetle corpse here; eat it? [ynq] (n) y
 Ecch - that must have been poisonous!
 You seem unaffected by the poison.
 You stop eating the giant beetle corpse.
 Pick a monster, object or location.
 d        a dog or other canine (wolf)
 What do you want to throw? [$ab or ?*] c
 In what direction? k
 The food ration misses the wolf.
 The wolf bites!
 What do you want to drink? [nvxARVZ or ?*] ?
 You feel better.
 The wolf just misses!
 The wolf bites!
 The wolf bites!
 You hit the wolf!
 The wolf misses!
 The wolf misses!
 You kill the wolf!
 The wolf bites!
 You miss the wolf.
 The wolf bites!
 The wolf just misses!
 You miss the wolf.
 The wolf bites!
 You hit the wolf!
 The wolf bites!
 You hit the wolf!
 The wolf bites!
 You die...
 Do you want your possessions identified? [ynq] (y) y
 Do you want to see your attributes? [ynq] (y) y
 Do you want an account of creatures vanquished? [ynaq] (y) y
 Do you want to see your conduct and achievements? [ynq] (y) y
 Do you want to see the dungeon overview? [ynq] (y) y

Inventory:
 Coins    ('$')
  $ - 413 gold pieces
 Weapons  (')')
  a - 22 +2 darts (at the ready)
  b - 7 +0 darts
  G - a greased +5 battle-axe (weapon in hands)
 Armor    ('[')
  E - an uncursed +0 orcish helm (being worn)
  Y - an uncursed rotted +1 pair of high boots (being worn)
  T - an uncursed +0 mummy wrapping
  j - an uncursed greased +0 Hawaiian shirt with a sailboat motif (being worn)
  K - an uncursed greased +1 elven mithril-coat (being worn)
 Comestibles  ('%')
  c - 3 uncursed food rations
  J - an uncursed partly eaten food ration
  g - a cursed egg
 Scrolls  ('?')
  B - a cursed scroll of blank paper
  u - 2 cursed scrolls of confuse monster
  D - 2 cursed scrolls of create monster
  C - 2 cursed scrolls of earth
  P - a cursed scroll of enchant weapon
  S - an uncursed scroll of light
  k - a blessed scroll of magic mapping
  F - 4 uncursed scrolls of magic mapping
  y - a blessed scroll of remove curse
  t - an uncursed scroll of remove curse
  O - a cursed scroll of remove curse
  w - a cursed scroll of taming
  N - 2 cursed scrolls of teleportation
 Spellbooks  ('+')
  q - an uncursed spellbook of identify
 Potions  ('!')
  v - an uncursed potion of blindness
  Z - an uncursed potion of enlightenment
  A - an uncursed potion of monster detection
  V - an uncursed potion of oil
  R - a cursed potion of paralysis
  x - 2 potions of holy water
 Rings    ('=')
  s - a cursed -1 ring of adornment
  m - a cursed -1 ring of gain strength
  z - a cursed +2 ring of increase damage
  U - an uncursed ring of poison resistance (on right hand)
  d - a cursed ring of poison resistance
  I - a cursed ring of regeneration
  W - a cursed ring of see invisible
  e - an uncursed ring of warning (on left hand)
 Wands    ('/')
  H - a wand of create monster (0:14)
  o - a cursed wand of digging (0:4)
  X - a wand of probing (0:6)
  f - a wand of secret door detection (0:14)
  M - a cursed wand of sleep (0:6)
 Tools    ('(')
  h - an empty cursed sack
  p - a can of grease (0:8)
  l - an uncursed credit card
  i - an expensive camera (0:49)
  Q - an uncursed stethoscope

ArrBianca the Tourist's attributes:

Background:
 You were an Excursionist, a level 7 female human Tourist.
 You were neutral, on a mission for The Lady
 who was opposed by Blind Io (lawful) and Offler (chaotic).
 You were right-handed.
 You were in the Dungeons of Doom, on level 9.
 You entered the dungeon 4417 turns ago.
 It was the midnight hour.
 You had 1169 experience points, 111 more were needed to attain level 8.

Basics:
 You had 0 out of 65 hit points.
 You had all 23 energy points (spell power).
 Your armor class was 1.
 Your wallet contained 413 zorkmids.
 Autopickup was on for '$?!/="+%' plus thrown, with exceptions.

Final Characteristics:
 Your strength was 11 (limit:18/100).
 Your dexterity was 9 (limit:18).
 Your constitution was 18 (limit:18).
 Your intelligence was 13 (limit:18).
 Your wisdom was 7 (limit:18).
 Your charisma was 18 (limit:18).

Final Status:
 You were satiated.
 You were burdened; movement was slightly slowed.
 You were wielding an axe.
 You had basic skill with axe.

Final Attributes:
 You were piously aligned.
 You were cold resistant.
 You were poison resistant.
 You were telepathic.
 You were warned.
 You were guarded.
 You are dead.

Miscellaneous:
 You encountered 1 bones level.
 Total elapsed playing time was 1 hour, 7 minutes and 7 seconds.

Major events:
 Turn
    1: ArrBianca the neutral female human Tourist entered the dungeon
  852: attained the rank of Sightseer (level 3)
 2917: consulted the Oracle
 3103: attained the rank of Excursionist (level 6)
 4417: killed by a wolf

You didn't know any spells.

Skills:
 Fighting Skills
   bare handed combat [Unskilled]
   two weapon combat  [Unskilled]
   riding             [Unskilled]
 Weapon Skills
   dagger             [Unskilled]
   knife              [Unskilled]
   axe                [Basic]
   pick-axe           [Unskilled]
   short sword        [Unskilled]
   broadsword         [Unskilled]
   long sword         [Unskilled]
   two-handed sword   [Unskilled]
   saber              [Unskilled]
   mace               [Unskilled]
   morning star       [Unskilled]
   flail              [Unskilled]
   hammer             [Unskilled]
   quarterstaff       [Unskilled]
   polearms           [Unskilled]
   spear              [Unskilled]
   trident            [Unskilled]
   lance              [Unskilled]
   bow                [Unskilled]
   sling              [Unskilled]
   crossbow           [Unskilled]
   dart               [Basic]
   shuriken           [Unskilled]
   boomerang          [Unskilled]
   whip               [Unskilled]
   unicorn horn       [Unskilled]
 Spellcasting Skills
   divination spells  [Unskilled]
   enchantment spells [Unskilled]
   escape spells      [Unskilled]

Voluntary challenges:
 Character rerolling was not enabled.
 You never genocided any monsters.
 You never polymorphed an object.
 You never changed form.
 You used no wishes.
Achievements:
 You entered a shop.
 You attained the rank of Sightseer.
 You consulted the Oracle of Delphi.
 You attained the rank of Excursionist.

 The Dungeons of Doom: levels 1 to 10
    Level 1:
       A fountain.
    Level 2:
       A potion shop, some fountains.
    Level 3:
       A food shop, an altar to The Lady.
    Level 4:
       A general store.
    Level 5:
       A general store.
    Level 6:
    Level 7:
       Many fountains.
       Oracle of Delphi.
    Level 8: "hell"
    Level 9: <- You were here.
       A fountain.
       Final resting place for
          you, killed by a wolf.
    Level 10:
       Some graves.
       Final resting place for
          Ch3Begorrah-Rog-Hum-Mal-Cha, killed by falling down a mine shaft.


Vanquished creatures:
  a ghost
  a tiger
  2 giant beetles
  2 wolves
 an ice vortex
  a vampire bat
  4 brown puddings
  a yeti
  a lizard
  a dog
  2 jaguars
  a dwarf leader
  a snake
 an ape
  a bugbear
  a mountain nymph
  a Mordor orc
  a violet fungus
  a kobold mummy
 an elf zombie
  a ghoul
  a giant ant
  a floating eye
  a dwarf
  a kobold leader
  4 hill orcs
  5 orc zombies
  a dwarf zombie
 an iguana
  a killer bee
  a coyote
  2 gas spores
  3 hobbits
  2 hobgoblins
  4 giant rats
  a gnome
  2 gnome zombies
  a gecko
  2 jackals
  2 foxes
  a goblin
  3 grid bugs
  2 bats
  5 lichens
  5 newts
79 creatures vanquished.

No species were genocided or became extinct.

Game over:
                       ----------
                      /          \
                     /    REST    \
                    /      IN      \
                   /     PEACE      \
                  /                  \
                  |    ArrBianca     |
                  |      413 Au      |
                  | killed by a wolf |
                  |                  |
                  |                  |
                  |                  |
                  |       2026       |
                 *|     *  *  *      | *
        _________)/\\_//(\/(/\)/\//\/|_)_______

Aloha ArrBianca the Tourist...

You died in The Dungeons of Doom on dungeon level 9 with 5177 points,
and 413 pieces of gold, after 4417 moves.
You were level 7 with a maximum of 65 hit points when you died.

